Cogmind - Beta 17.1 @@@ ROGUE MODE // 2026.09.13 @ 15:05:51 Player: UnderDoug Result: Destroyed by F3-94M(R) with Subdweller Shrapnel Launcher Performance ------------- Evolutions (0) 0 Regions Visited (3) 600 Robots Destroyed (36) 180 Value Destroyed (750) 750 Prototype IDs (0) 0 Alien Tech Used (0) 0 Bonus (0) 0 TOTAL SCORE: 1530 Bonus ------- None Cogmind --------- Core Integrity 0/250 Matter 263/300 Energy 125/125 System Corruption 0% Temperature Cool (0) Movement Walking (120) Location -10/Subcaves Parts ------- > --- POWER (1) -------- Light Ion Engine > --- PROPULSION (2) --- Aluminum Leg Aluminum Leg > --- UTILITY (2) ------ Small Storage Unit Seismic Detector > --- WEAPON (2) ------- Light Assault Rifle Heavy Battle Rifle > --- INVENTORY (8) ---- Ion Engine Light Ion Engine Light Treads Spiked Treads Medium Matter Pod (100) Scrap Shield Small Laser Peak State ------------ > --- POWER ------------ Light Nuclear Core > --- PROPULSION ------- Improved Hover Unit Improved Hover Unit > --- UTILITY ---------- Small Storage Unit Improved Terrain Scanner > --- WEAPON ----------- Assault Rifle Light Assault Rifle > --- INVENTORY -------- Light Ion Engine Light Nuclear Core Light Treads Light Treads Hover Unit Improved Hover Unit Medium Matter Pod Small Laser [Rating: 14] Favorites ----------- Power Light Ion Engine Engine Light Ion Engine Power Core Light Nuclear Core Propulsion Improved Hover Unit Treads Light Treads Leg Aluminum Leg Hover Unit Improved Hover Unit Utility Small Storage Unit Device Seismic Detector Storage Small Storage Unit Weapon Light Assault Rifle Energy Gun Small Laser Ballistic Gun Light Assault Rifle Special Weapon Mining Laser Build | -11 -10 -10 -10 ------- Run | Yrd Mat Min Sub Slots Evolved . | . . . . Power . | . . . . Propulsion . | . . . . Utility . | . . . . Weapon . | . . . . Parts Attached 28 | 7 7 14 . Power 6 | 1 2 3 . Engine 4 | 1 1 2 . Core 2 | . 1 1 . Reactor . | . . . . Propulsion 11 | 2 3 6 . Treads 2 | . . 2 . Leg 4 | 2 . 2 . Wheel . | . . . . Hover 5 | . 3 2 . Flight . | . . . . Utility 4 | 2 . 2 . Device 3 | 1 . 2 . Storage 1 | 1 . . . Processor . | . . . . Hackware . | . . . . Protection . | . . . . Artifact . | . . . . Weapon 7 | 2 2 3 . Energy Gun 1 | 1 . . . Energy Cannon . | . . . . Ballistic Gun 5 | 1 2 2 . Ballistic Cannon . | . . . . Launcher . | . . . . Special Weapon 1 | . . 1 . Impact Weapon . | . . . . Slashing Weapon . | . . . . Piercing Weapon . | . . . . Special Melee Weapon . | . . . . Unidentified Prototypes . | . . . . Parts Lost 7 | . . 7 . Power 2 | . . 2 . Propulsion 3 | . . 3 . Utility 1 | . . 1 . Weapon 1 | . . 1 . Highest Loss Streak 3 | . . 3 . To Critical Strikes . | . . . . Average Backups 7 | 4 7 7 7 Power 1 | . 1 1 2 Propulsion 3 | 3 4 2 2 Utility 1 | . 1 1 2 Weapon 1 | . 1 1 1 Tool/Special . | . . . . Unused Backups 15 | . 6 2 7 Power 5 | . 2 1 2 Propulsion 4 | . 2 . 2 Utility 6 | . 2 1 3 Weapon . | . . . . Tool/Special . | . . . . Average Slot Usage (%) 99 | . 100 99 100 Engine 7 | . 6 7 14 Core 6 | . 7 6 . Treads 2 | . . 4 . Leg 7 | . 3 6 28 Hover 18 | . 24 16 . Device 14 | . 14 14 14 Storage 14 | . 14 14 14 Energy Gun 4 | . 3 5 . Ballistic Gun 23 | . 24 22 28 Peak Build Rating 14 | 7 12 14 11 Average Rating 10 | 4 10 11 10 On Entrance 7 | . 7 12 11 Avg Prop Armor Cover (%) . | . . . . Naked Turns . | . . . . Heaviest Build 14 | 14 14 14 14 Greatest Support 40 | 20 20 40 20 Greatest Overweight (x) 4 | 4 1 . . Average Overweight (x) . | . . . . Largest Inventory Capacity 8 | 8 8 8 8 Average Capacity 7 | 7 8 8 8 Most Carried 8 | 7 8 8 8 Average Carried 7 | 4 7 7 7 Final Capacity 8 | 8 8 8 8 Final Carried 8 | 7 8 8 8 Class Distribution -------------------- 57% | Mutant 42% | Scavenger-Mutant Dominant Class ---------------- Mutant | -10/Materials Scavenger-Mutant | -10/Mines Scavenger-Mutant | -10/Subcaves Resources | -11 -10 -10 -10 ----------- Run | Yrd Mat Min Sub Matter Collected 1020 | 196 434 390 . Remotely . | . . . . Salvage Created 903 | 20 358 525 . Parts 81 | 3 31 47 . Haulers Intercepted . | . . . . Recyclers Shooed . | . . . . Parts Field Recycled . | . . . . Retrieved Matter . | . . . . Parts Self-Destructed . | . . . . Prevented . | . . . . Parts Restored . | . . . . Kills | -11 -10 -10 -10 ------- Run | Yrd Mat Min Sub Combat Hostiles Destroyed 27 | . 9 18 . Guns 26 | . 9 17 . Cannons 1 | . . 1 . Classes Destroyed 6 | 1 4 1 . Worker 1 | . 1 . . Tunneler 7 | 1 . 6 . Watcher 2 | . 2 . . Swarmer 12 | . 3 9 . Grunt 14 | . 6 8 . Assembled 1 | . . 1 . Best Kill Streak 5 | 1 3 5 . Combat Bots Only 5 | . 3 5 . Max Kills in Single Turn 1 | 1 1 1 . Gunslinging . | . . . . Exploded . | . . . . Melee . | . . . . Uniques/NPCs Destroyed . | . . . . Combat | -11 -10 -10 -10 -------- Run | Yrd Mat Min Sub Hostile Shots Fired 105 | . 26 79 . Missed 21 | . 6 15 . Hits 84 | . 20 64 . Projectile 84 | . 20 64 . AOE 1 | . . . 1 Critical Strikes 1 | . . 1 . Damage Taken 951 | . 246 697 8 Core 253 | . 67 182 4 Absorbed by Shields . | . . . . Core Remaining (%) 100 | 100 . . . Volleys Fired 124 | 3 42 79 . Largest 2 | 2 2 2 . Hottest 120 | 60 60 120 . Shots Fired 239 | 6 84 149 . Gun 232 | 6 84 142 . Cannon . | . . . . Launcher . | . . . . Special 7 | . . 7 . Kinetic 215 | 3 80 132 . Thermal 24 | 3 4 17 . Explosive . | . . . . Electromagnetic . | . . . . Robot Hit Streak 9 | 1 8 9 . Robot Miss Streak 6 | 2 6 3 . Penetration Max . | . . . . Secondary Targets . | . . . . Shots Hit Robots 130 | 2 44 84 . Core Hits 59 | 1 23 35 . Critical Kills . | . . . . Critical Parts Destroyed 2 | . 1 1 . Critical Strikes 2 | . 1 1 . Destroy 2 | . 1 1 . Melee Attacks . | . . . . Impact . | . . . . Slashing . | . . . . Piercing . | . . . . Sneak Attacks . | . . . . Combat Hostiles . | . . . . Follow-up Attacks . | . . . . Damage Inflicted 1597 | 35 508 1054 . Guns 1502 | 35 485 982 . Cannons . | . . . . Explosions . | . . . . Melee . | . . . . Ramming 23 | . 23 . . Kinetic 1413 | 24 464 925 . Thermal 161 | 11 21 129 . Explosive . | . . . . Electromagnetic . | . . . . Impact . | . . . . Slashing . | . . . . Piercing . | . . . . Highest Corruption . | . . . . Average Corruption . | . . . . Corruption Purged . | . . . . Corruption Blocked . | . . . . Overload Shots . | . . . . Overflow Damage . | . . . . Projectiles . | . . . . Explosions . | . . . . Melee . | . . . . Knockbacks . | . . . . Impact . | . . . . Kinetic . | . . . . Secondary . | . . . . Self-Inflicted Damage 11 | . 11 . . Shots . | . . . . Rammed 5 | . 4 1 . Targets Rammed 5 | . 4 1 . Kicked . | . . . . Crushed . | . . . . Highest Temperature 238 | . 26 238 . Average Temperature 52 | . 8 69 . Received Heat Transfer 417 | . 114 303 . Effects 5 | . . 5 . Energy Bleed 2 | . . 2 . Interference 3 | . . 3 . Siege Activations . | . . . . Martial Activations . | . . . . Shielding Activations . | . . . . Robots Disrupted . | . . . . Combat Hostiles . | . . . . Robots Corrupted . | . . . . Combat Hostiles . | . . . . Parts Fried . | . . . . Impact Corruptions . | . . . . Robots Melted . | . . . . Combat Hostiles . | . . . . Parts Melted . | . . . . Heat Transferred 350 | 25 50 275 . Parts Sabotaged . | . . . . Parts Stolen . | . . . . Parts Stripped . | . . . . Power Chain Reactions . | . . . . Alert | -11 -10 -10 -10 ------- Run | Yrd Mat Min Sub Maximum Alert Level . | . . . . Low Security (%) 100 | 100 100 100 . Level 1 . | . . . . Level 2 . | . . . . Level 3 . | . . . . Level 4 . | . . . . Level 5 . | . . . . High Security . | . . . . Max Security . | . . . . Peak Influence 168 | . 168 81 . Initial 16 | . . 16 . Average 40 | . 57 30 . Influence Increases 792 | 5 335 452 . Destroy 0b10 Robot/C 520 | . 180 340 . Destroy 0b10 Robot/NC 50 | 5 15 30 . Destroy Leader 84 | . 34 50 . Successful Hack 16 | . 16 . . Disable Machine 30 | . 30 . . Destroy Structure 2 | . . 2 . Partial Spotted 15 | . . 15 . Lose Combat Pursuer 75 | . 60 15 . Influence Decreases 792 | 5 292 480 15 Entered New Map 35 | . . 27 8 Time Decay 697 | 5 292 393 7 Lost Part 60 | . . 60 . Squads Dispatched 2 | . 2 . . Investigation 1 | . 1 . . Extermination . | . . . . Reinforcement 1 | . 1 . . Assault . | . . . . Garrison . | . . . . Intercept . | . . . . Searches Triggered . | . . . . Construction Impeded . | . . . . Haulers Reinforced . | . . . . Active Scanning Responses . | . . . . Cargo Convoy Interrupts . | . . . . Stealth | -11 -10 -10 -10 --------- Run | Yrd Mat Min Sub Distress Signals 1 | . 1 . . Communications Jammed . | . . . . Distress Signals . | . . . . Times Spotted 45 | . 24 19 2 Peak Tracking Total 5 | . 3 5 2 Tactical Retreats 3 | . 2 1 . Traps | -11 -10 -10 -10 ------- Run | Yrd Mat Min Sub Traps Triggered . | . . . . Indirectly . | . . . . Trap Hack Attempts . | . . . . Triggered . | . . . . Disarmed . | . . . . Reprogrammed . | . . . . Reused . | . . . . Traps Extracted . | . . . . Installed . | . . . . Triggered . | . . . . Machines | -11 -10 -10 -10 ---------- Run | Yrd Mat Min Sub Machines Disabled 2 | . 2 . . Max in Single Turn 1 | . 1 . . Machines Repaired . | . . . . Machines Dismantled . | . . . . Machines Sabotaged . | . . . . Overloaded Fab Kills . | . . . . Hacking | -11 -10 -10 -10 --------- Run | Yrd Mat Min Sub Machines Accessed 9 | . 8 1 . Terminals 9 | . 8 1 . Fabricators . | . . . . Repair Stations . | . . . . Recycling Units . | . . . . Scanalyzers . | . . . . Garrison Access . | . . . . Total Hacks 19 | . 17 2 . Successful 6 | . 6 . . Failed 13 | . 11 2 . Catastrophic 5 | . 4 1 . Database Lockouts . | . . . . Manual 19 | . 17 2 . Terminals 19 | . 17 2 . Fabricators . | . . . . Repair Stations . | . . . . Recycling Units . | . . . . Scanalyzers . | . . . . Garrison Access . | . . . . Terminal Hacks 1 | . 1 . . Branch Access Points 1 | . 1 . . Fabricator Hacks . | . . . . Repair Station Hacks . | . . . . Recycling Unit Hacks . | . . . . Scanalyzer . | . . . . Garrison Access Hacks . | . . . . Unauthorized Hacks 5 | . 5 . . Terminals 5 | . 5 . . Skim 5 | . 5 . . Fabricators . | . . . . Repair Stations . | . . . . Recycling Units . | . . . . Scanalyzers . | . . . . Garrison Access . | . . . . Data Cores Recovered . | . . . . Used . | . . . . Hacking Detections 9 | . 8 1 . Full Trace Events 3 | . 2 1 . Feedback Events . | . . . . Feedback Blocked . | . . . . Robot Schematics Acquired . | . . . . Robots Built . | . . . . Authchips . | . . . . Time . | . . . . Total Robot Build Rating . | . . . . Part Schematics Acquired . | . . . . Parts Built . | . . . . Authchips . | . . . . Time . | . . . . Total Part Build Rating . | . . . . Part Studies Acquired . | . . . . Parts Repaired . | . . . . Time . | . . . . Parts Recycled . | . . . . Recycled Matter . | . . . . Retrieved Matter . | . . . . Retrieved Components . | . . . . Parts Scanalyzed . | . . . . Part Schematics Acquired . | . . . . Parts Damaged . | . . . . Bothacking | -11 -10 -10 -10 ------------ Run | Yrd Mat Min Sub Used RIF Installer . | . . . . Robots Hacked . | . . . . Non-combat . | . . . . Combat . | . . . . Robot Hacks Applied . | . . . . Relay Couplers Released . | . . . . Fabnet Peak Effective % . | . . . . Robots Rewired . | . . . . Allies Hacked . | . . . . Hacks Repelled . | . . . . Allies | -11 -10 -10 -10 -------- Run | Yrd Mat Min Sub Total Allies 3 | . . 3 . Largest Group 3 | . . 3 3 Highest-Rated Group 40 | . . 40 40 Highest-Rated Ally 16 | . . 16 16 Total Orders . | . . . . Ally Attacks 6 | . . . 6 Total Damage 81 | . . . 81 Kills . | . . . . Allies Corrupted . | . . . . Allies Melted . | . . . . Intel | -11 -10 -10 -10 ------- Run | Yrd Mat Min Sub Active Infowar (turns) 2051 | 3 886 956 206 Terrain 312 | . . 312 . Seismic 1739 | 3 886 644 206 Robot Analysis Total . | . . . . Derelict Logs Recovered 2 | . . 1 1 Drone Launches . | . . . . Drone Recoveries . | . . . . Exploration | -11 -10 -10 -10 ------------- Run | Yrd Mat Min Sub Turns Passed 2277 | 71 886 1114 206 Spaces Moved 1638 | 38 731 751 118 Core 17 | 17 . . . Treads 65 | . . 65 . Legs 404 | 21 91 174 118 Wheels . | . . . . Hover 1152 | . 640 512 . Flight . | . . . . Fastest Speed 50 | 50 56 56 120 Average Speed 76 | 118 64 79 120 Slowest Speed 250 | 250 120 160 120 Overloaded Moves . | . . . . Propulsion Burnouts . | . . . . Robots Hopped . | . . . . Potential Cave-ins . | . . . . Cave-ins Triggered . | . . . . Exploration Rate (%) 51 | 4 91 97 13 Regions Visited 3 Branch Regions 2 Pre-discovered Areas 2 | . 1 . 1 Known Exits Taken 2 | . 1 1 . Unknown Exits Taken 1 | 1 . . . Scrap Searched . | . . . . Spaces Dug . | . . . . Terrain Destroyed 4 | . . 4 . Melee . | . . . . Projectile 4 | . . 4 . AOE . | . . . . Terrain Rammed . | . . . . Walls Destroyed . | . . . . Machines Disabled . | . . . . Actions | -11 -10 -10 -10 --------- Run | Yrd Mat Min Sub Total 2427 | 54 1073 1115 185 Wait 574 | . 268 244 62 Move 1635 | 37 730 750 118 Hop . | . . . . Pick Up 30 | 7 8 13 2 Fast Attach 12 | 7 4 1 . Attach 8 | . . 8 . Detach 1 | . . 1 . Swap 15 | . 5 10 . Drop 23 | . 12 8 3 Fire 124 | 3 42 79 . Melee . | . . . . Ram 4 | . 4 . . Kick . | . . . . Crush 1 | . . 1 . Escape Stasis . | . . . . Rewire . | . . . . Trap . | . . . . Miscellaneous . | . . . . Route ------- -11/Scrapyard -10/Materials (discovered 5 exits: *Mat x3 / *Min / Sub) -10/Mines (discovered 3 exits: *Mat x2 / *Sub) -10/Subcaves (discovered 2 exits: Mat / Rec) History --------- Turn | Location | Event 36 | -11/Scrapyard | Discovered new exit (range 15) 72 | -11/Scrapyard | Entered Materials 102 | -10/Materials | Identified exit to Mines 334 | -10/Materials | Build established: Mutant 353 | -10/Materials | Discovered new exit (range 8) 577 | -10/Materials | Learned location of 2 exits from Subcaves 616 | -10/Materials | Learned 4 Recycling zone layouts 643 | -10/Materials | Learned 2 Mines zone layouts 658 | -10/Materials | Learned location of 1 exit from Recycling 662 | -10/Materials | Learned Storage trap positions 665 | -10/Materials | Identified exit to Subcaves 665 | -10/Materials | Identified exit to Materials 679 | -10/Materials | Learned Materials stockpile data 958 | -10/Materials | Entered Mines 1055 | -10/Mines | Core integrity fell below 50% 1337 | -10/Mines | Discovered exit to Materials (range 3) 1356 | -10/Mines | Found a hidden stash of uninstalled traps 1364 | -10/Mines | Learned Materials emergency access door positions 1456 | -10/Mines | Build established: Scavenger-Mutant 1546 | -10/Mines | A weapon hastily lodged in a ceiling crevice suddenly fell to the ground 1560 | -10/Mines | Excavation squad dispatched 1560 | -10/Mines | A large section of the Mines collapsed 1603 | -10/Mines | Core integrity fell below 20% 1645 | -10/Mines | Discovered exit to Materials (range 6) 1665 | -10/Mines | Lost 3 parts (1p1n1w) 1998 | -10/Mines | Assisted by bots powering up and referring to "LRC-V3" 2010 | -10/Mines | Discovered exit to Subcaves (range 7) 2072 | -10/Mines | Entered Subcaves 2072 | -10/Subcaves | Accompanied by 3 allies 2073 | -10/Subcaves | Identified exit to Recycling 2073 | -10/Subcaves | Identified exit to Materials 2120 | -10/Subcaves | Learned location of Storage (-9) 2178 | -10/Subcaves | Shifting Twisted Machinery released Flamer 2195 | -10/Subcaves | Shifting Twisted Machinery released Spk. Treads 2278 | -10/Subcaves | Destroyed by F3-94M(R) with Subdweller Shrapnel Launcher Last Messages --------------- RP-PH9(h): "Hey you don't look like the usual menacing locals. I'm on point searching for advanced tech we've heard is being developed in secret down here, seen anything like that?" Loading 2 Subcaves exits... RP-PH9(h) drops a Scrap Shield: "Protect yourself with this!" Dropped Aluminum Leg. Dropped Imp. Terrain Scanner. Acquired Scrap Shield. Acquired derelict log, extracted data. World map updated: -9/Storage. Flamer falls loose from the Twisted Machinery. Spk. Treads falls loose from the Twisted Machinery. Dropped Lgt. Treads. Acquired Spk. Treads. Trooper 1b destroyed. Mercenary 1a destroyed. Trooper 1a destroyed. Map ----- +----------------------------------------------------+ | ??????????????##"#???### #?????????????? | | ???????????????###???#" #?????????????? | | ????????????????????## " ### ##?????????????? | | ????????????????#???# """##??###??????????????? | | ???????????????? ??## ##????????????????????? | | ???????????????? ?# " #????????????????????? | | ???????????????" ## " ######????????????????? | | ??????????????"" """ ##???????????????? | | ??????????????""""" """ #???????????????? | | ??????????????#""" "|##"" #???????????????? | | ??????????????#"" " ?##"" ##???????????????? | | ?????????????#"" " "#??##" ##????????????????? | | ?????????????#" """"#??## ###???????????????? | | ?????????????# " " #### #???????????????? | | ????????????# """""" ## #???????????????? | | ??????????????"##"""= #???????????????? | | ????????????????#""" #???????????????? | | ???????????????""""" ##???????????????? | | ???????????????"""#### ###????????????????? | | ???????????? ?""#???## ##?????????????????? | | ?????????????? ######### #?????????????????? | | ???????????????#;;;;;; ## ##?????????????????? | | ????????????# #; ;;; #?????????????????? | | ????????????# ;h ##?????????????????? | | ????????????# R #??????????????????? | | ???????????" ;; %% @ #??????????????????? | | ??????????????# ;;;[%; ## #?????????????????? | | ??????????????# # R;###?##?????????????????? | | ?????????????? #???????????????????????? | | ????????????""" """ ???????????????????????? | | ?????????????"" """""""???????????????????????? | | ?????????????# """"???????????????????????? | | ?????????????#### ???????????????????????? | | ????????????????## ??????????????????????? | | ?????????????????## ??????????????????????? | | ??????????????????# ??????????????????????? | | ?????????????????? % ??????????????????????? | | ????????????????????# ???????????????????????? | | ??????????????????????????????????????????????? | | ??????????????????????????????????????????????? | | ??????????????????????????????????????????????? | | ??????????????????????????????????????????????? | | ??????????????????????????????????????????????? | | ??????????????????????????????????????????????? | | ??????????????????????????????????????????????? | | ??????????????????????????????????????????????? | | ??????????????????????????????????????????????? | | ??????????????????????????????????????????????? | | ??????????????????????????????????????????????? | | ??????????????????????????????????????????????? | +----------------------------------------------------+ Best States ------------- Heat Dissipation 25 Energy Generation 14 Energy Capacity 250 Matter Stores 300 Matter Capacity 300 Sight Range 16 Terrain Scan Range 16 Terrain Scan Density 10 Evasion (%) 55 Recoil Reduction 2 Item Schematics ----------------- None Robot Schematics ------------------ None Fabricated ------------ Nothing Repaired ---------- Nothing Studied --------- None Alien Tech Used ----------------- None Achievements -------------- None Challenges ------------ None Game ------ Seed ScimitarMiniTendrils Manual? 0 Play Time 00:22:20 Cumulative 21.3 hours Start 2026.09.13 @ 14:44:50 End 2026.09.13 @ 15:05:51 Sessions 1 Manual Loads 0 Difficulty Rogue Special Mode None Game No. 43 Rogue 43 Adventurer 0 Explorer 0 Win Type - Total 0 Types 0/0/0/0/0/0/0/0/0/0 Lore% 32 Gallery% 18 Achievement% 16 Wizard Run 0 Options --------- Layout 2 ASCII 0 Keyboard 0 Movement Mouse Keybinds 0 Fullscreen 2 Font 24/Smallcaps Map View 50x44 Zoom Use 0% Tactical HUD 0 Map Filters NONE Filters NONE Steam 1 RUN: 8d69f625-e107-48e0-87cd-a24cf1fcf750